 Dungeon Crawl Stone Soup version 0.21.0-3-g78d12a8 (webtiles) character file.

83 mortelune the Conjurer (level 4, 0/33 HPs)
             Began as a Draconian Conjurer on Jan 13, 2018.
             Slain by an orc wizard
             ... wielding a +0 dagger
              (4 damage)
             ... on level 2 of the Dungeon.
             The game lasted 00:05:58 (2890 turns).

mortelune the Conjurer (Draconian Conjurer)         Turns: 2890, Time: 00:05:59

Health: 0/33       AC:  5    Str: 10    XL:     4   Next: 22%
Magic:  5/7        EV: 12    Int: 16    God:
Gold:   45         SH:  0    Dex: 12    Spells: 2/8 levels left

rFire    + . .     SeeInvis .   f - +2 dagger (venom)
rCold    + . .     Gourm    .   (no shield)
rNeg     . . .     Faith    .   (armour unavailable)
rPois    +         Spirit   .   (helmet restricted)
rElec    +         Reflect  .   (no cloak)
rCorr    +         Harm     .   (no gloves)
MR       .....                  (no boots)
Stlth    ++........             (no amulet)
HPRegen  0.11/turn              (no ring)
MPRegen  0.10/turn              (no ring)

@: resistant, very slightly contaminated, invisible
A: unfitting armour, cold-blooded, AC +5
a: no special abilities


You were on level 2 of the Dungeon.
You were not hungry.

You visited 1 branch of the dungeon, and saw 2 of its levels.

You collected 45 gold pieces.

Inventory:

Hand Weapons
 c - a +0 dagger
 f - a +2 dagger of venom (weapon)
 g - a +0 mace
 h - a +1 flail of crushing
Scrolls
 d - a scroll of blinking {unknown}
 i - a scroll of teleportation {unknown}
 j - a scroll of amnesia {unknown}
 m - a scroll of identify {unknown}
 n - a scroll of magic mapping {unknown}
Books
 a - a book of Conjurations

   Spells                             Type                      Level
   a - Magic Dart                     Conjuration                  1
   b - Searing Ray                    Conjuration                  2
   c - Dazzling Spray                 Conjuration/Hexes            3
   d - Fulminant Prism                Conjuration/Hexes            4
   e - Force Lance                    Conjuration/Translocation    4
   f - Iskenderun's Mystic Blast      Conjuration                  4
Comestibles
 b - 3 rations
 k - a chunk of flesh


   Skills:
 - Level 1.7 Dodging
 + Level 2.6 Stealth
 + Level 2.6 Spellcasting
 * Level 5.0 Conjurations


You had 2 spell levels left.
You knew the following spells:

 Your Spells              Type           Power        Failure   Level  Hunger
a - Magic Dart            Conj           ###.         2%          1    #......
b - Searing Ray           Conj           ###...       3%          2    ##.....
c - Dazzling Spray        Conj/Hex       ##....       21%         3    ###....


Dungeon Overview and Level Annotations

Branches:
Dungeon (2/15)

Altars:


Innate Abilities, Weirdness & Mutations

Your plain brown scales are hard. (AC +5)
You cannot fit into any form of body armour.
You are cold-blooded and may be slowed by cold attacks.


Message History

You're too confused to move!
You hear some strange, mumbled words.
A magic dart appears from out of thin air!
The magic dart hits you!
* * * LOW HITPOINT WARNING * * *
It was a potion of invisibility.
You fade into invisibility!
Something hits you but does no damage.
You are very lightly contaminated with residual magic.
It was a potion of resistance.
You feel protected.
You hear some strange, mumbled words.
Something tries to affect you, but you resist.
The orc wizard shouts!
The orc wizard shouts!
Something completely misses you.
A magic dart appears from out of thin air!
You feel less confused. Something hits you.
You die...

#..##..........# .?.. #
.##..........# #.. #.
#..........# #.# ..
+).........# #.# ##.
#..........###.#
......#+###........#
.#'##.#.# #........##
......#.# #.....<...+
.....<#.# #.....@.###
.....##.# ######{...#
........# #.....o##.##
##+#)..## #......+....
.......# #......##.#.#
.......## #.....)##.#.#
........#####.......#.#.#
................###†....#
......).........# #.#.###


You could see an orc wizard (wandering).

Vanquished Creatures
  An orc priest (D:2)
  An adder (D:2)
  3 dart slugs (D:1)
  2 leopard geckos (D:1)
  An orc (D:2)
  2 bats
  3 giant cockroaches (D:1)
  3 goblins
  3 hobgoblins
  2 jackals
  6 kobolds (D:1)
  2 frilled lizards (D:1)
  A jackal skeleton (D:2)
  3 rats (D:1)
33 creatures vanquished.

Notes
Turn   | Place    | Note
-------+----------+-------------------------------------------
     0 | D:1      | mortelune the Draconian Conjurer began the quest for the Orb.
     0 | D:1      | Reached XP level 1. HP: 14/14 MP: 3/3
   338 | D:1      | Reached XP level 2. HP: 6/20 MP: 0/5
   601 | D:1      | Learned a level 2 spell: Searing Ray
  2027 | D:1      | Reached XP level 3. HP: 26/26 MP: 3/6
  2032 | D:1      | Learned a level 3 spell: Dazzling Spray
  2611 | D:2      | Reached XP level 4. HP: 33/33 MP: 3/7
  2766 | D:2      | Reached skill level 5 in Conjurations
  2890 | D:2      | Slain by an orc wizard

Skill      XL: |  1  2  3  4 |
---------------+-------------+-----
Stealth        | 2 |  2.6
Conjurations   | 5 |  5.0
Dodging        | |  1.7
Spellcasting   | |  2.6

Action                   |  1- 3 |  4- 6 || total
-------------------------+-------+-------++-------
Melee: Dagger            |     5 |     1 ||     6
       Tailslap          |     2 |       ||     2
 Cast: Magic Dart        |    44 |    15 ||    59
       Searing Ray       |    10 |     1 ||    11
  Use: Potion            |       |     2 ||     2
  Eat: Ration            |     1 |       ||     1
       Chunk             |     3 |     1 ||     4
Armor: Skin              |     9 |     2 ||    11
Dodge: Dodged            |    28 |     2 ||    30
